 Dungeon Crawl Stone Soup version 0.30-a0-322-g102857c98e (webtiles) character file.

Game seed: 7443280005960552316

93 LnG the Caller (level 4, 0/24 HPs)
             Began as a Kobold Summoner on Oct 27, 2022.
             Slain by a human zombie (6 damage)
             ... in an ossuary.
             The game lasted 00:11:59 (3236 turns).

LnG the Caller (Kobold Summoner)                    Turns: 3236, Time: 00:12:00

Health: 0/24       AC:  3    Str:  5    XL:     4   Next: 91%
Magic:  5/8        EV: 15    Int: 18    God:
Gold:   110        SH:  0    Dex: 15    Spells: 2/8 levels left

rFire   . . .      SeeInvis .    e - +0 dagger
rCold   . . .      Faith    .    (no shield)
rNeg    . . .      Spirit   .    a - +0 robe
rPois   .          Reflect  .    o - +1 hat
rElec   .          Harm     .    (no cloak)
rCorr   .          Rampage  .    (no gloves)
Will    .....                    (no boots)
Stlth   ++++......               (no amulet)
HPRegen 0.24/turn                (no ring)
MPRegen 0.11/turn                (no ring)

@: no status effects
A: small, no large weapons, nightstalker 3
a: no special abilities


You were in an ossuary.
You visited 1 branch of the dungeon, and saw 4 of its levels.
You also visited: Ossuary.

You collected 110 gold pieces.

Inventory:

Hand Weapons
 e - a +0 dagger (weapon)
Armour
 a - a +0 robe (worn)
 o - a +1 hat (worn)
Scrolls
 g - a scroll of butterflies
 i - a scroll of amnesia
 m - 2 scrolls of teleportation
 p - a scroll of fear
 s - a scroll of immolation
Potions
 b - a potion of magic
 c - a potion of degeneration {unknown}
 d - 2 potions of curing {unknown}
 h - a potion of might
 k - a potion of haste {unknown}
 l - a potion of lignification {unknown}
 n - 2 potions of ambrosia {unknown}
 q - a potion of flight {unknown}
 r - a potion of heal wounds {unknown}
 t - 2 potions of attraction {unknown}


   Skills:
 + Level 0.6 Fighting
 + Level 1.1 Short Blades
 * Level 3.5 Dodging
 + Level 3.7 Stealth
 + Level 2.7 Spellcasting
 + Level 4.5 Summonings


You had 2 spell levels left.
You knew the following spells:

 Your Spells              Type           Power      Damage    Failure   Level
a - Summon Small Mammal   Summ           72%        N/A       2%          1
b - Call Imp              Summ           18%        N/A       3%          2
c - Call Canine Familiar  Summ           18%        N/A       8%          3

Your spell library contained the following spells:

 Spells                   Type           Power      Damage    Failure   Level
 Apportation              Tloc           4%         N/A       17%         1
 Beastly Appendage        Tmut           4%         N/A       17%         1
 Necrotise                Necr           8%         1d4       17%         1
 Wereblood                Tmut           2%         N/A       26%         2
 Summon Guardian Golem    Hex/Summ       10%        N/A       21%         3
 Inner Flame              Hex/Fire       2%         N/A       45%         3
 Spider Form              Tmut/Pois      2%         N/A       45%         3
 Summon Lightning Spire   Summ/Air       10%        N/A       54%         4
 Cause Fear               Hex            1%         N/A       86%         4
 Summon Forest            Summ/Tloc      5%         N/A       88%         5
 Eringya's Noxious Bog    Tmut/Pois      1%         N/A       100%        6
 Summon Hydra             Summ           9%         N/A       100%        7
 Discord                  Hex            1%         N/A       100%        8


Dungeon Overview and Level Annotations

Branches:
Dungeon (4/15)            Ossuary (1/1)
 Temple: D:4-7

Altars:

Annotations:
D:3 1 runed translucent door, Crazy Yiuf, Ijyb


Innate Abilities, Weirdness & Mutations

You are small and have problems with some larger weapons.
You are completely attuned to the shadows.


Message History

The human zombie is moderately damaged.
Your crimson imp barely misses the human zombie.
You barely miss the human zombie.
The human zombie is moderately damaged.
The human zombie hits you.
Your crimson imp closely misses the human zombie.
Your crimson imp barely misses the human zombie.
The human zombie hits your crimson imp.
Casting: Call Imp (safe; 3% risk of failure)
Confirm with . or Enter, or press ? or * to list all spells.
The spell is quite dangerous to miscast (8% risk of failure)!
Continue anyway?
Your crimson imp hits the human zombie.
The human zombie completely misses your crimson imp.
Your crimson imp blinks!
The human zombie hits you.
You barely miss the human zombie.
The human zombie is moderately damaged.
You hit the human zombie.
The human zombie is moderately damaged.
The human zombie barely misses you.
You barely miss the human zombie.
The human zombie is moderately damaged.
Your hound bites the human zombie.
The human zombie hits you.
* * * LOW HITPOINT WARNING * * *
You closely miss the human zombie.
The human zombie is heavily damaged.
Your hound bites the human zombie. x2
You hit the human zombie but do no damage.
The human zombie is heavily damaged.
The human zombie completely misses you.
Your hound bites the human zombie.
You strike the helpless human zombie from behind!
You puncture the human zombie!
The human zombie is severely damaged.
Your hound closely misses the human zombie.
The human zombie closely misses you.
You hit the human zombie.
The human zombie is almost destroyed.
Your hound barely misses the human zombie.
Your hound bites the human zombie.
The human zombie hits you.
You die...

#########
#...#...#
#.∩.'.∩.#
#...#...#
######'##
#...#...#
#.@.8...#
#Zh.....#
##8...8##
#.5.....#
#...8...#
#s..#Z..#


You could see a human zombie (ally target), a friendly hound (summoned) and a
friendly crimson imp (summoned).

Vanquished Creatures
  2 adders (D:3)
  A worm (D:3)
  A dart slug (D:4)
  2 orcs (D:4)
  2 endoplasms (D:1)
  A giant cockroach (D:2)
  3 goblins
  2 hobgoblins
  A jackal (D:1)
  A quokka (D:3)
  5 ball pythons
  4 bats
  3 frilled lizards
  4 kobolds
  An orc zombie (Ossuary)
  5 rats
38 creatures vanquished.

Vanquished Creatures (collateral kills)
  An adder (D:3)
  A worm (D:2)
  2 bats
  3 endoplasms
  2 goblins
  2 hobgoblins (D:1)
  3 jackals (D:1)
  A kobold (D:1)
  2 ball pythons (D:1)
  A frilled lizard (D:1)
18 creatures vanquished.

Grand Total: 56 creatures vanquished

Notes
Turn   | Place    | Note
-------+----------+-------------------------------------------
     0 | D:1      | LnG the Kobold Summoner began the quest for the Orb.
     0 | D:1      | Reached XP level 1. HP: 10/10 MP: 3/3
   192 | D:1      | Reached XP level 2. HP: 15/15 MP: 5/5
   195 | D:1      | Learned a level 2 spell: Call Imp
   554 | D:1      | Reached XP level 3. HP: 10/19 MP: 3/6
   560 | D:1      | Learned a level 3 spell: Call Canine Familiar
  1120 | D:2      | Found a faded altar of an unknown god.
  2266 | D:3      | Reached XP level 4. HP: 8/24 MP: 1/7
  2466 | D:3      | Reached skill level 1 in Short Blades
  2521 | D:3      | Noticed Ijyb
  2945 | D:3      | Found a runed translucent door.
  2948 | D:3      | Noticed Crazy Yiuf
  3187 | D:4      | Found a sand-covered staircase.
  3197 | Ossuary  | Entered an ossuary
  3207 | Ossuary  | Noticed a scorpion
  3236 | Ossuary  | Slain by a human zombie

Illustrated notes

Levels and vault maps discovered:
D:1:      psy_arrival_conway, layout_loops_ring, roderic_lattice_a
D:2:      layout_loops_corners, shapermc_ecumenical_altar_notcrosses
D:3:      layout_basic, uniq_crazy_yiuf_cottage, uniq_ijyb
D:4:      layout_cave_pods, nicolae_overflow_hidden_temple,
          nicolae_ossuary_entry_false_entrances, grunt_ministairs_1
Ossuary:  ossuary_minmay_scorpions

Skill      XL: |  1  2  3  4 |
---------------+-------------+-----
Stealth        | 3 |  3.7
Dodging        | 3 |  3.5
Short Blades   | 1 |  1.1
Fighting       | |  0.6
Spellcasting   | |  2.7
Summonings     | |  4.5

Action                   |  1- 3 |  4- 6 || total
-------------------------+-------+-------++-------
Melee: Unarmed           |    43 |       ||    43
       Dagger            |    81 |    96 ||   177
       Punch             |     1 |     1 ||     2
 Cast: Summon Small Mamm |    12 |     2 ||    14
       Call Imp          |     3 |     3 ||     6
       Call Canine Famil |     1 |     2 ||     3
  Use: Scroll            |     1 |     9 ||    10
 Stab: Sleeping          |    14 |     8 ||    22
       Distracted        |     1 |     1 ||     2
Armor: Robe              |    21 |     7 ||    28
Dodge: Dodged            |   106 |    61 ||   167

Table legend: (Time is in decaauts)
 A = Elapsed time spent in this place.
 B = Non-inter-level travel time spent in this place.
 C = Inter-level travel time spent in this place.
 D = Time resting spent in this place.
 E = Time spent auto-exploring this place.
 F = Levels seen in this place.
 G = Mean time per level.
                   A        B        C        D        E       F      G
               +--------+--------+--------+--------+--------+-----+--------+
         Total |   3234 |   3137 |     97 |     58 |   2476 |   5 |  646.8 |
       Dungeon |   3196 |   3099 |     97 |     58 |   2476 |   4 |  799.0 |
       Ossuary |     37 |     37 |      0 |      0 |      0 |   1 |   37.0 |
               +--------+--------+--------+--------+--------+-----+--------+

Top non-repeatable levels by time:
     D:2: 1037 daAuts
     D:3: 1033 daAuts
     D:1: 1032 daAuts
     D:4: 93 daAuts
 Ossuary: 37 daAuts
